 Dungeon Crawl Stone Soup version 0.31-a0-4-gefa6de2278 (webtiles) character file.

Game seed: 2813486769874427872

1084 GigaChad the Shield-Bearer (level 8, -4/62 HPs)
             Began as a Formicid Fighter on May 3, 2023.
             Was a Follower of Okawaru.
             Slain by Duvessa
             ... wielding a +0 short sword
              (8 damage)
             ... on level 6 of the Dungeon.
             The game lasted 00:07:59 (4973 turns).

GigaChad the Shield-Bearer (Formicid Fighter)       Turns: 4973, Time: 00:07:59

Health: -4/62      AC: 17    Str: 23    XL:     8   Next: 55%
Magic:  8/8        EV:  6    Int:  8    God:    Okawaru [*.....]
Gold:   333        SH: 12    Dex: 13    Spells: 7/7 levels left

rFire   . . .        a - +0 war axe
rCold   . . .        g - +2 kite shield
rNeg    . . .        r - +0 plate armour
rPois   +            (helmet unavailable)
rElec   .            l - +0 cloak {rPois}
rCorr   .            (no gloves)
SInv    +            (no boots)
Will    .....        (no amulet) Stlth
                     f - +4 ring of protection
HPRegen 0.30/turn    (no ring)
MPRegen 0.11/turn

%: no passive effects
@: no status effects
A: permanent stasis, dig shafts and tunnels, antennae 3, four strong arms
a: Dig, Shaft Self, Renounce Religion, Heroism


You were on level 6 of the Dungeon.
You worshipped Okawaru.
Okawaru was aware of your devotion.
You visited 1 branch of the dungeon, and saw 6 of its levels.
You also visited: Sewer.

You collected 333 gold pieces.

Inventory:

Hand Weapons
 a - a +0 war axe (weapon)
Armour
 c - a +0 buckler
 g - a +2 kite shield (worn)
 l - a +0 cloak of poison resistance (worn)
 r - a +0 plate armour (worn)
Jewellery
 f - a +4 ring of protection (left hand)
 i - an amulet of faith
 j - a ring of protection from cold
Wands
 u - a wand of flame (9)
Scrolls
 e - a scroll of blinking
 m - 4 scrolls of teleportation
 n - a scroll of vulnerability
 p - a scroll of fog
 q - a scroll of fear
 v - 3 scrolls of identify
 w - a scroll of poison {unknown}
 x - 2 scrolls of silence {unknown}
 y - 2 scrolls of enchant armour {unknown}
 z - 3 scrolls of amnesia {unknown}
Potions
 b - 3 potions of magic {unknown}
 d - 5 potions of might
 h - a potion of experience {unknown}
 k - 4 potions of curing
 o - 4 potions of brilliance
 s - a potion of mutation {unknown}
 t - a potion of invisibility {unknown}


   Skills:
 + Level 5.1 Fighting
 + Level 6.2 Axes
 + Level 5.2 Armour
 + Level 1.2 Dodging
 + Level 0.5 Stealth
 + Level 7.5 Shields


You had 7 spell levels left.
You didn't know any spells.
Your spell library contained the following spells:

 Spells                   Type           Power      Damage    Failure   Level
 Hailstorm                Conj/Ice       0%         3d3       100%        3
 Portal Projectile        Hex/Tloc       0%         N/A       100%        3
 Ice Form                 Ice/Tmut       0%         N/A       100%        4
 Leda's Liquefaction      Hex/Erth       0%         N/A       100%        4
 Call Canine Familiar     Summ           Unusable   N/A       N/A         3
 Simulacrum               Ice/Necr       Unusable   N/A       N/A         6

Dungeon Overview and Level Annotations

Branches:
Dungeon (6/15)             Temple (0/1) D:5           Sewer (visited)

Altars:
Ashenzari
Elyvilon
Kikubaaqudgha
Okawaru
Qazlal
Vehumet

Shops:
D:1 (

Annotations:
D:4 3 runed translucent doors, epsilonplus's ghost, novice MfGl
D:6 Duvessa


Innate Abilities, Weirdness & Mutations

You cannot be hasted, slowed, berserked, paralysed or teleported.
You can dig through walls and to a lower floor.
You have a pair of large antennae on your head. (SInv)
Your four strong arms can wield two-handed weapons with a shield.


Message History

Duvessa is heavily wounded.
You block Duvessa's attack. Duvessa hits you with a +0 short sword!
You barely miss Duvessa.
Duvessa is heavily wounded.
Duvessa hits you with a +0 short sword. You block Duvessa's attack.
Unknown command.
You hit Duvessa but do no damage.
Duvessa is heavily wounded.
Duvessa hits you with a +0 short sword. Duvessa hits you but does no damage.
Unknown command.
You are too injured to fight recklessly!
Unknown command.
You are too injured to fight recklessly!
Unknown command.
You are too injured to fight recklessly!
You are too injured to fight recklessly!
You are too injured to fight recklessly!
You hit Duvessa.
Duvessa is heavily wounded.
Duvessa hits you with a +0 short sword!
Unknown command.
You barely miss Duvessa.
Duvessa is heavily wounded.
You block Duvessa's attack. Duvessa hits you with a +0 short sword.
* * * LOW HITPOINT WARNING * * *
Unknown command.
You hit Duvessa but do no damage.
Duvessa is heavily wounded.
Duvessa hits you with a +0 short sword!
* * * LOW HITPOINT WARNING * * *
You block Duvessa's attack.
Unknown command.
You barely miss Duvessa.
Duvessa is heavily wounded.
You block Duvessa's attack. Duvessa barely misses you.
Unknown command.
You slash Duvessa!
Duvessa is severely wounded.
Duvessa hits you but does no damage. Duvessa hits you with a +0 short sword!
You die...

#.# #.. ##########.#### #.#
#..........##.########.#########
##..........##...................
............##.###......##.[.....
............##.###.###..##.......
..........................>......
............##.#.#.###.#.#...#.#.
###########.##.#@#...............
.....))..##.##.#e#####.#.#[<.....
.....)...'......... #...........
.........##.##.#.## ....#.#.....
.........##......# ....#.#...(.
#...##...##........ ...#.......
######...##......## #.#.#... #
######......# .......... ###...##
#.#.#####.


You could see Duvessa (berserk).

Vanquished Creatures
  A centaur (D:5)
  A phantom (D:5)
  A kobold brigand (Sewer)
  4 scorpions
  Dowan (D:6)
  A howler monkey (D:6)
  2 jellies
  An orc priest (D:5)
  A hound (D:5)
  4 iguanas
  4 orc wizards
  6 adders
  4 gnolls (D:5)
  4 worms
  2 dart slugs
  12 orcs
  6 bats
  4 endoplasms
  3 giant cockroaches
  3 goblins
  11 hobgoblins
  3 jackals (D:1)
  14 kobolds
  5 quokkas
  9 ball pythons
  5 frilled lizards
  7 rats
119 creatures vanquished.

Vanquished Creatures (others)
  A human (D:3)
  3 plants (Sewer)
4 creatures vanquished.

Grand Total: 123 creatures vanquished

Notes
Turn   | Place    | Note
-------+----------+-------------------------------------------
     0 | D:1      | GigaChad the Formicid Fighter began the quest for the Orb.
     0 | D:1      | Reached XP level 1. HP: 18/18 MP: 1/1
   406 | D:1      | Reached XP level 2. HP: 24/24 MP: 2/2
   740 | D:1      | Found Ytudeuf's Weapon Boutique.
   854 | D:1      | Reached XP level 3. HP: 28/29 MP: 3/3
  1336 | D:2      | Reached XP level 4. HP: 36/37 MP: 4/4
  1739 | D:3      | Found a radiant altar of Vehumet.
  1740 | D:3      | Found a broken altar of Ashenzari.
  1768 | D:3      | Found an ancient bone altar of Kikubaaqudgha.
  1781 | D:3      | Reached XP level 5. HP: 42/42 MP: 5/5
  1860 | D:3      | Reached skill level 5 in Shields
  2349 | D:3      | Noticed a human
  2352 | D:3      | Killed a human
  2483 | D:4      | Reached XP level 6. HP: 47/48 MP: 6/6
  2757 | D:4      | Reached skill level 1 in Dodging
  2757 | D:4      | Reached XP level 7. HP: 55/55 MP: 7/7
  2901 | D:4      | Found a glowing drain.
  2906 | Sewer    | Entered a sewer
  3248 | D:4      | Found a runed translucent gate.
  3248 | D:4      | Identified the +0 chain mail of Elitism {Will+ Int+3 Dex+3}
  3248 | D:4      | Noticed epsilonplus's ghost (novice MfGl)
  3249 | D:4      | Found a runed translucent gate.
  3250 | D:4      | Found a runed translucent gate.
  3322 | D:4      | Found an iron altar of Okawaru.
  3325 | D:4      | Became a worshipper of Warmaster Okawaru
  3483 | D:5      | Entered Level 5 of the Dungeon
  3509 | D:5      | Reached skill level 6 in Shields
  3606 | D:5      | Reached skill level 5 in Axes
  3736 | D:5      | Found a staircase to the Ecumenical Temple.
  3839 | D:5      | Reached XP level 8. HP: 46/61 MP: 8/8
  3987 | D:5      | Reached * piety under Okawaru
  3988 | D:5      | Reached skill level 7 in Shields
  4521 | D:5      | Found a white marble altar of Elyvilon.
  4694 | D:6      | Found a stormy altar of Qazlal.
  4763 | D:6      | Reached skill level 5 in Fighting
  4764 | D:6      | Noticed Dowan
  4773 | D:6      | Killed Dowan
  4774 | D:6      | Reached skill level 5 in Armour
  4960 | D:6      | Noticed Duvessa
  4971 | D:6      | HP: 3/62 [Duvessa/+0 short sword (16)]
  4973 | D:6      | Slain by Duvessa

Illustrated notes

Levels and vault maps discovered:
D:1:      matt_arrival_refuge, layout_basic, serial_shops, shop
D:2:      layout_rooms
D:3:      layout_basic, tgw_kikubaaqudgha, mainiacjoe_overflow_divided_tiny,
          skrybe_limestone_x
D:4:      layout_cave_pools, okawaru_metal_pillars_3,
          biasface_ghost_orc_armoury, gup_sewer_entry_bowl,
          grunt_decor_resistance
D:5:      layout_gridville, mainiacjoe_overflow_cross_hatched, temple_statues
D:6:      nicolae_cairo_tiling, layout_basic, nicolae_qazlal_eye_of_the_storm,
          uniq_duvessa

Skill      XL: |  1  2  3  4  5  6  7  8 |
---------------+-------------------------+-----
Fighting       | 4 5 |  5.1
Axes           | 3 4 5 6 |  6.2
Shields        | 5 6 7 |  7.5
Armour         | 4 5 |  5.2
Dodging        | 1 |  1.2
Stealth        | |  0.5

Action                     |  1- 3 |  4- 6 |  7- 9 || total
---------------------------+-------+-------+-------++-------
  Melee: War axe           |    93 |    96 |   186 ||   375
Ability: Dig               |     5 |       |       ||     5
    Use: Scroll            |       |       |     7 ||     7
 Armour: Scale mail        |    44 |    53 |     9 ||   106
         Plate armour      |       |       |    72 ||    72
  Dodge: Dodged            |    23 |    24 |    50 ||    97
  Block: Kite shield       |    68 |    54 |   141 ||   263

Table legend: (Time is in decaauts)
 A = Elapsed time spent in this place.
 B = Non-inter-level travel time spent in this place.
 C = Inter-level travel time spent in this place.
 D = Time resting spent in this place.
 E = Time spent auto-exploring this place.
 F = Levels seen in this place.
 G = Mean time per level.
                   A        B        C        D        E       F      G
               +--------+--------+--------+--------+--------+-----+--------+
         Total |   5158 |   5045 |    113 |    345 |   3422 |   7 |  736.9 |
       Dungeon |   4811 |   4698 |    113 |    345 |   3264 |   6 |  801.8 |
         Sewer |    346 |    346 |      0 |      0 |    158 |   1 |  346.0 |
               +--------+--------+--------+--------+--------+-----+--------+

Top non-repeatable levels by time:
     D:5: 1229 daAuts
     D:1: 1143 daAuts
     D:4: 786 daAuts
     D:3: 738 daAuts
     D:2: 622 daAuts
   Sewer: 346 daAuts
     D:6: 291 daAuts
